[Event "Lienz Open 2005"]
[Site "Lienz"]
[Date "2005.02.17"]
[Round "7"]
[White "Grundner, Alois"]
[Black "Saxer, Bernhard"]
[Result "0-1"]
[ECO "E70"]
[WhiteElo "1884"]
[BlackElo "2038"]
[Annotator "Fritz 8 (15s)"]
[PlyCount "58"]
[EventDate "2005.02.19"]
[EventRounds "9"]
[TimeControl "300"]

{96MB, OEMComputer E70: Königsindisch (Weiß spielt früh e2-e4)} 1. d4 Nf6 2. c4
g6 3. Nc3 Bg7 4. e4 O-O 5. e5 {Weiß erobert Raum} Ne8 6. Be2 d6 7. Nf3 c5 (7...
Bg4 8. O-O $14) 8. dxc5 $16 Nc6 9. cxd6 Nxe5 10. Nxe5 Bxe5 11. Bh6 Ng7 12. dxe7
Qxe7 (12... Bxc3+ 13. bxc3 Qxe7 $16) 13. Bxg7 (13. Nd5 $5 Qd8 14. Qd2 $16)
13... Kxg7 (13... Bxg7 14. Qd2 $11) 14. Nd5 $14 {Der Springer ist gut plaziert}
Qg5 (14... Qh4 15. Qd2 $14) 15. O-O Bxb2 16. Rb1 Qe5 17. Kh1 (17. Bf3 Bf5 18.
Re1 Qd4 19. Qxd4+ Bxd4 20. Rxb7 Rab8 $16) 17... Ba3 18. f4 Qd6 19. Rb3 Bc5 {
Der Läufer steht auf c5 komfortabel} 20. g4 (20. Bg4 Qa6 21. Bxc8 Raxc8 $14)
20... f6 (20... b6 21. Bf3 Bb7 22. g5 $11) 21. Rh3 (21. g5 $5 $14 {ist
bedenkenswert}) 21... b5 22. cxb5 Bb7 (22... a6 $11) 23. Bf3 (23. Rd3 $142 $14
{und Weiß kann noch kämpfen}) 23... Rad8 $17 24. Nc3 Qxf4 25. Qe2 $2 (25. Qc1
$5 Bxf3+ 26. Rhxf3 Qxg4 27. Ne4 Qxe4 28. Qxc5 $17) 25... Qxg4 (25... Rfe8 $142
{nun kommt Schwarz in Vorteil} 26. Qg2 Rd2 27. Bxb7 Rxg2 28. Bxg2 Qxg4 $19) 26.
Rg3 $17 Bxf3+ 27. Rgxf3 (27. Rfxf3 $5 Qh5 28. a3 $17) 27... Rfe8 $19 28. Qc2
Re1 29. Rxf6 $4 {es war sowieso egal.} (29. Qg2 Qxg2+ 30. Kxg2 Rd2+ 31. Kh1
Rxf1+ 32. Rxf1 $19) 29... Qg1+ $5 (29... Qg1+ 30. Rxg1 Rxg1#) 0-1

[Event "Lienz Open 2005"]
[Site "Uttendorf"]
[Date "2005.02.16"]
[Round "6"]
[White "Grundner, Alois"]
[Black "Januschke, Guenther"]
[Result "1/2-1/2"]
[ECO "E38"]
[WhiteElo "1884"]
[BlackElo "1953"]
[Annotator "Fritz 8 (15s)"]
[PlyCount "24"]
[TimeControl "300"]

{96MB, OEMComputer E38: Nimzoindisch (4.Dc2)} 1. d4 Nf6 2. c4 e6 3. Nc3 Bb4 4.
Qc2 c5 5. e3 O-O 6. Nf3 Nc6 7. Bd3 d5 8. O-O dxc4 9. Bxc4 a6 {Überdeckt b5} (
9... cxd4 10. Rd1 $11) 10. a3 Bxc3 11. bxc3 b5 12. Ba2 Bb7 1/2-1/2

[Event "Lienz Open 2005"]
[Site "Uttendorf"]
[Date "2005.02.15"]
[Round "5"]
[White "Rohracher, Christian"]
[Black "Grundner, Alois"]
[Result "0-1"]
[ECO "D63"]
[WhiteElo "1676"]
[BlackElo "1884"]
[Annotator "Fritz 8 (15s)"]
[PlyCount "62"]
[TimeControl "300"]

{96MB, OEMComputer D63: Damengambit (Hauptvariante mit 7.Tc1)} 1. d4 Nf6 2. c4
e6 3. Nc3 d5 4. Bg5 Nbd7 5. Nf3 Be7 6. e3 O-O 7. Rc1 Re8 8. Qc2 Nf8 9. Ne5 c6 {
Nimmt Einfluß auf b5} 10. Bd3 N6d7 11. Bf4 f6 {Verwehrt dem Gegner g5} 12. Nf3
(12. Nxd7 Qxd7 13. O-O f5 $14) 12... Bb4 (12... e5 $142 13. dxe5 fxe5 14. Nxe5
Nxe5 15. Bxe5 Bc5 $14) 13. g4 $4 {wirft den Vorteil weg} (13. cxd5 $142 $5 exd5
14. a3 Bxc3+ 15. Qxc3 $16) 13... Qa5 (13... e5 14. dxe5 Nxe5 15. Bxe5 fxe5 16.
cxd5 Bxc3+ 17. bxc3 Bxg4 18. Be4 cxd5 19. Rd1 Bxf3 20. Bxf3 $17) 14. a3 (14.
cxd5 $5 {kam sehr in Betracht} cxd5 15. Bg3 $11) 14... Bxc3+ $17 15. Qxc3 Qxc3+
16. Rxc3 e5 17. Bxh7+ $2 (17. Bg3 $142 e4 18. cxd5 cxd5 19. Be2 exf3 20. Bxf3
$17) 17... Nxh7 $19 18. Bg3 (18. dxe5 {ändert nichts mehr} Nxe5 19. Nd2 d4 $19)
18... dxc4 (18... Nb6 {erleichterte Schwarz die Gewinnführung} 19. h3 Nxc4 20.
dxe5 Nxe5 21. Nd2 $19) 19. Rxc4 (19. dxe5 Nxe5 (19... fxe5 $143 20. Rxc4 Nb6
21. Re4 $19) 20. Nxe5 fxe5 (20... Rxe5 $6 21. Bxe5 fxe5 22. Rxc4 $19) 21. Rxc4
Be6 $19) 19... Nb6 20. Rb4 Bxg4 21. Nd2 exd4 (21... Nd5 $142 $5 {ist genauer}
22. Rb3 exd4 23. e4 $19) 22. Rxd4 Bh3 23. Rg1 Rad8 (23... Nd5 {damit würde
Schwarz es sich noch erleichtern} 24. Re4 $19) 24. Rh4 (24. Rxd8 Rxd8 25. Bc7
Rd7 26. Bxb6 axb6 $19) 24... Bf5 (24... Ng5 {und Schwarz hätte es noch leichter
} 25. Rf4 Be6 26. Rf1 $19) 25. Rf4 (25. Bc7 {ändert den Lauf der Dinge nicht}
Rd7 26. Bxb6 axb6 $19) 25... Bd3 (25... Rd5 $5 {gibt noch größeren Vorteil} 26.
h4 $19) 26. h4 Nd5 27. Ra4 a6 28. h5 (28. Kd1 {hilft auch nicht mehr} Nb6 29.
Rf4 Rd7 $19) 28... Bb5 (28... Ng5 {läßt dem Gegner kaum Chancen} 29. Rh4 $19)
29. Rh4 Ng5 30. Bf4 (30. Rg2 $19 {ist ein letzter Strohhalm}) 30... Nxf4 31.
Rxf4 Nh3 (31... Nh3 32. Rfg4 Nxg1 33. Rxg1 Re5 $19) 0-1

[Event "Lienz Open 2005"]
[Site "Uttendorf"]
[Date "2005.02.14"]
[Round "4"]
[White "Grundner, Alois"]
[Black "Mueller, Lukas"]
[Result "1-0"]
[ECO "D11"]
[WhiteElo "1884"]
[BlackElo "1200"]
[Annotator "Fritz 8 (15s)"]
[PlyCount "51"]
[TimeControl "300"]

{96MB, OEMComputer D11: Damengambit (Slawische Verteidigung)} 1. d4 d5 2. c4 c6 3. Nf3 Nd7 4. e3 Ngf6 5. Nc3 Nb6 6. b3 {Der Gegner darf
nicht nach a4} g6 (6... Bg4 7. h3 Bh5 8. Bd3 $11) 7. Bd3 Bg7 8. Ne5 (8. a4 Bg4
$14) 8... Nbd7 9. f4 O-O 10. O-O Bh6 11. Qf3 Qa5 (11... dxc4 12. bxc4 c5 13.
Kh1 $16) 12. Bd2 Nxe5 (12... Qd8 13. cxd5 Nxe5 14. fxe5 Nxd5 15. Bc4 $16) 13.
dxe5 Bg4 $2 (13... Ne4 $142 14. Nxe4 dxe4 $16) 14. Qg3 $18 Nh5 (14... dxc4 {
hilft allerdings auch nicht} 15. Bxc4 (15. exf6 $6 cxd3 16. Qxg4 exf6 $18)
15... Bg7 16. exf6 exf6 17. Ne4 $18) 15. Qxg4 Bg7 (15... dxc4 {holt die Kuh
nicht vom Eis} 16. Bxc4 b5 17. Be2 $18) 16. Qe2 (16. cxd5 {ginge schneller}
cxd5 17. Qd7 Qd8 18. Qxb7 d4 $18) 16... f6 (16... dxc4 {macht keinen großen
Unterschied} 17. Bxc4 Bh8 18. Ne4 $18) 17. g4 Nxf4 18. exf4 fxe5 19. fxe5 Rxf1+
20. Rxf1 Qb6+ 21. Be3 d4 (21... Qc7 {wäre gleichermaßen fruchtlos} 22. Bd4 e6
23. b4 $18) 22. Na4 Qd8 23. Bf2 c5 (23... b6 {ändert nichts am Ausgang der
Partie} 24. e6 $18) 24. Nxc5 Qa5 (24... Qc8 {nützt auch nichts mehr} 25. Bxd4
b6 26. Na4 $18) 25. Bxd4 Qxa2 26. Qxa2 (26. Qxa2 Bh6 27. e6 Bg5 28. Bxg6 Rd8
29. Bxh7+ Kxh7 30. Rf7+ Kh6 31. Qc2 Bh4 32. Be3+ Bg5 33. Qh7#) 1-0

[Event "Lienz Open 2005"]
[Site "Uttendorf"]
[Date "2005.02.13"]
[Round "2"]
[White "Grundner, Alois"]
[Black "Berger, Josef"]
[Result "0-1"]
[ECO "D26"]
[WhiteElo "1884"]
[BlackElo "1610"]
[Annotator "Fritz 8 (15s)"]
[PlyCount "52"]
[TimeControl "300"]

{96MB, OEMComputer D26: Angenommenes Damengambit} 1. d4 d5 2. c4 dxc4 3. e3 Nf6
4. Bxc4 e6 {Verhindert das Eindringen auf d5} 5. Nf3 b6 6. O-O Bb7 7. Nc3 Nbd7
8. Re1 c5 (8... Bb4 9. a3 Bxc3 10. bxc3 $14) 9. e4 (9. d5 $5 exd5 10. Nxd5 $16)
9... cxd4 $11 10. Nxd4 Bc5 11. Bg5 O-O 12. Nb3 Qc7 13. Qe2 h6 (13... Bd6 $142
$5 {und Schwarz spielt mit} 14. h3 Bh2+ 15. Kh1 Be5 $15) 14. Nxc5 Qxc5 15. Be3
Qc7 16. Rac1 Ne5 17. Bb3 Neg4 18. f4 Nxe3 19. Qxe3 Ng4 20. Nb5 Qd7 21. Qe2 Ba6
22. Rc7 (22. Qxg4 $142 $5 {ist interessant} Qxb5 23. f5 exf5 24. Qxf5 Qxf5 25.
exf5 $14) 22... Qxb5 $15 23. Qxg4 Qb4 24. Qg3 Rfd8 (24... Rfc8 $142 25. Rxc8+
Rxc8 $11) 25. Bxe6 $4 {gibt den Vorteil aus der Hand} (25. f5 $142 {bringt
noch Rettung} Rdc8 26. Rd7 $14) 25... Qd4+ $19 26. Kh1 fxe6 (26... fxe6 27. Qg4
Kh8 $19 (27... Qxb2 {wird schließlich Matt} 28. e5 Qxg2+ 29. Kxg2 Rd2+ 30. Kg1
Rd7 31. Rxd7 g5 32. Qxe6+ Kh8 33. Qxh6+ Kg8 34. Qg7#)) 0-1

[Event "Lienz Open 2005"]
[Site "Uttendorf"]
[Date "2005.02.12"]
[Round "1"]
[White "Zaja, Ivan"]
[Black "Grundner, Alois"]
[Result "1-0"]
[ECO "D36"]
[WhiteElo "2481"]
[BlackElo "1884"]
[Annotator "Fritz 8 (15s)"]
[PlyCount "85"]
[TimeControl "300"]

{96MB, OEMComputer D36: Damengambit (Abtauschvariante) D36: Damengambit 
(Abtauschvariante)} 1. d4 Nf6 2. c4 e6 3. Nc3 d5 4. cxd5 exd5 5. Bg5 Be7 6. e3
c6 {Überdeckt b5} 7. Qc2 Be6 (7... Nbd7 8. Nf3 $11) 8. Bd3 Nbd7 9. Nge2 h6 10.
Bh4 Rc8 11. Nf4 Nf8 12. Bxf6 Bxf6 13. b4 (13. O-O Qd6 $16) 13... Bd7 14. Nh5
Ne6 15. O-O (15. Nxf6+ Qxf6 16. Rc1 O-O $14) 15... O-O 16. b5 (16. Nxf6+ Qxf6
17. a4 Qg5 $14) 16... Re8 (16... Be7 $5 $11) 17. bxc6 Bxc6 18. Nxf6+ Qxf6 19.
Qb3 Red8 20. Rac1 g6 {Es geht um f5} 21. Nb5 Ra8 22. a4 Rd7 23. f4 (23. a5 Ng7
$16) 23... a6 24. f5 gxf5 25. Bxf5 Qg5 26. Rc3 Kh8 27. Na3 Rg8 28. Rf2 Re7 29.
Nc2 Nf8 (29... a5 $5 $11 {ist vielleicht stärker}) 30. Nb4 Ng6 $2 {[%cal Re7e3,
Rg5e3,Gb3e3,Gc3e3] Mit Angriff auf den rückständigen Bauern} (30... Ne6 31.
Rcc2 $14 (31. Nxd5 Nxd4 32. Qb2 Bxd5 $19)) 31. Bxg6 (31. Nxd5 Ree8 32. Nc7 $16)
31... Rxg6 32. a5 Re4 {Von e4 entfaltet der Turm einige Wirkung} 33. Nxc6 bxc6
34. Qb8+ Kg7 35. Qb7 {[%cal Rb7c6,Rc3c6,Gg6c6] Der Bauer c6 ist rückständig}
Re7 36. Qxa6 Rxe3 37. Rxe3 Qxe3 38. Qe2 Qxd4 39. Qe7 Rxg2+ $4 {wirft den
sicheren Gewinn weg} (39... Kh7 $142 $11 {nur damit konnte man noch auf
Rettung hoffen} 40. a6 (40. Qxf7+ Rg7) 40... Rg7 41. a7 Qa1+ 42. Rf1 Qa2 43.
Rf2 Qa1+ 44. Rf1 Qa2 45. g3 f5 46. Qf6 Qxa7+ 47. Rf2 Qd7 48. Rxf5 d4 49. Rf4 c5
50. Qe5 Qe7 51. Qf5+ Rg6 52. Re4) 40. Kxg2 $18 Qg4+ 41. Kf1 Qd1+ 42. Qe1 Qd3+
43. Kg1 (43. Kg1 Qd4 44. Qe7 $18) 1-0

[Event "1.Klasse Süd"]
[Site "Uttendorf"]
[Date "2005.02.26"]
[Round "?"]
[White "Grundner, Alois"]
[Black "Walkner, Olga"]
[Result "0-1"]
[ECO "A53"]
[WhiteElo "1882"]
[BlackElo "1200"]
[Annotator "Fritz 8 (20s)"]
[PlyCount "56"]
[TimeControl "240+2"]

{96MB, OEMComputer A53: Altindisch} 1. d4 Nf6 2. c4 d6 3. Nc3 e5 4. dxe5 dxe5
5. Qxd8+ Kxd8 6. Bg5 (6. Nf3 Nc6 $14) 6... Nbd7 7. e4 c6 {Kontrolliert b5+d5}
8. Nf3 Kc7 (8... Bb4 $5 $11) 9. a3 $14 {Punkt b4} a5 10. g3 (10. Bh4 Bd6 $11)
10... h6 11. Bxf6 gxf6 12. Bg2 (12. Bh3 $5 $11 {sieht gut aus}) 12... Nc5 $17
13. Nd2 h5 14. Rd1 (14. Bf1 f5 $15) 14... Bh6 (14... Nd3+ 15. Ke2 Nxb2 16. Rc1
Bxa3 17. Rc2 $19) 15. Ke2 Be6 16. Ncb1 a4 17. Rc1 (17. h4 $5 $17) 17... Rad8
$19 18. Rc3 h4 19. h3 Rd4 20. Rhc1 (20. g4 $19) 20... Rhd8 21. R1c2 Nb3 $1 {
kräftig gespielt} 22. Nf1 (22. Rxb3 axb3) 22... Rd1 23. Nbd2 Bxd2 24. Rxb3 (24.
Rxd2 {nützt auch nichts mehr} R8xd2+ 25. Nxd2 Rxd2+ 26. Ke1 Rxb2 27. gxh4 Rb1+
28. Ke2 Nd4+ 29. Kd2 Rb2+ 30. Ke1 Re2+ 31. Kf1 Ra2 $19) 24... Re1+ 25. Kf3 axb3
26. Rxd2 Bxc4 27. Rxd8 Be2+ (27... Bxf1 $6 {kommt nicht in Frage} 28. Rd2 Bxg2+
29. Kxg2 Rxe4 30. Rd3 $17) 28. Ke3 Bxf1+ (28... Bxf1+ 29. Kd2 Re2+ 30. Kc3 Kxd8
31. Bxf1 Rxf2 32. gxh4 Rxf1 33. Kxb3 Rf4 $19) 0-1

[Event "1.Klasse Süd"]
[Site "Uttendorf"]
[Date "2005.03.12"]
[Round "?"]
[White "Thurner, Kurt"]
[Black "Grundner, Alois"]
[Result "0-1"]
[ECO "D31"]
[WhiteElo "1604"]
[BlackElo "1882"]
[Annotator "Fritz 8 (20s)"]
[PlyCount "52"]
[TimeControl "240+2"]

{96MB, OEMComputer D31: Damengambit (Halbslawisch)} 1. c4 Nf6 2. Nc3 e6 3. e3
d5 4. d4 c6 {Kontrolliert b5} 5. Qc2 Bd6 6. h3 {Deckt g4} Nbd7 7. Nf3 O-O 8. g4
e5 (8... dxc4 9. Bxc4 e5 10. g5 $15 Nd5 11.
Nxd5 (11. Bxd5 cxd5 12. Nxd5 exd4 13. exd4 Re8+ 14. Be3 Nb6 15. Nxb6 Qxb6 ) 11... cxd5 12. Bxd5 Qa5+ (12... Qa5+ )) 9. cxd5 (9. g5 $5 Ne8 10. cxd5 cxd5 11. Nxd5 exd4 12. exd4
Qa5+ 13. Nc3 $14) 9... Nxd5 10. Bd3 (10. Ne4 Bc7 $15) 10... g6 (10... Nb4 $5
11. Bxh7+ Kh8 $15) 11. Nxd5 cxd5 12. e4 exd4 13. Nxd4 (13. O-O dxe4 14. Bxe4
Nc5 $17) 13... Nc5 14. exd5 Qa5+ 15. Bd2 Nxd3+ 16. Qxd3 Qxd5 17. O-O-O (17. O-O
h5 $17) 17... Be5 18. Be3 Qxa2 19. Qb1 (19. Qa3 Qc4+ 20. Kb1 Bd7 $17) 19... Qa6
20. Qd3 Qb6 21. Qe4 (21. Kb1 $5 $17) 21... Bg7 22. Rhg1 (22. Rd2 $19) 22... Be6
23. Rd2 (23. Kb1 Rac8 (23... Rfe8 24. Qd3 Rad8 25. h4 Rd5 26. Rd2 Red8 27. Nxe6 fxe6 28. Bxb6 Rxd3 29. Rxd3 Rxd3 30. Kc2 Rh3 31. Bxa7 Rxh4 32. g5 ) 24. Rd3 Rfe8 $19) 23... Ba2 (23...
Rac8+ {ginge schneller} 24. Kd1 Qb4 25. Qb1 $19) 24. Kd1 (24. Rc2 $19) 24...
Rfe8 25. Qd3 Rad8 26. Qa3 (26. Qb5 {ist ein letzter Versuch} Bxd4 27. Qxb6 Bxb6
28. Bxb6 Bb3+ 29. Kc1 axb6 30. Rxd8 Rxd8 31. Re1 $19) 26... Bxd4 {Schwarz
überschritt die Zeit} (26... Bxd4 27. b4 Bxe3 28. fxe3 Rxd2+ 29. Kxd2 Qd6+ 30.
Ke1 Qf4 31. Qxa2 Qxe3+ 32. Kf1 Qxh3+ 33. Rg2 Qh1+ 34. Rg1 Re1+ 35. Kxe1 Qxg1+
36. Ke2 Qg2+ 37. Ke3 Qxa2 $19) 0-1

[Event "Relegationsspl LLB"]
[Site "Uttendorf"]
[Date "2005.06.11"]
[Round "?"]
[White "Steger, Josef"]
[Black "Grundner, Alois"]
[Result "0-1"]
[ECO "D37"]
[WhiteElo "1680"]
[BlackElo "1884"]
[Annotator "Fritz 8 (20s)"]
[PlyCount "72"]
[TimeControl "300"]

{96MB, OEMComputer D37: Damengambit (5.Lf4)} 1. d4 Nf6 2. c4 e6 3. Nc3 d5 4.
Nf3 Be7 5. Qc2 O-O 6. Bf4 c6 {Es geht um b5} 7. e3 Nbd7 8. Bd3 b6 9. O-O Bb7
10. cxd5 exd5 11. Rfe1 Rc8 12. Ne5 g6 13. Bh6 Re8 14. Nxg6 (14. Nxd7 $5 {ist
interessant} Qxd7 15. Rac1 $14) 14... fxg6 (14... hxg6 $142 $5 15. Bxg6 {
Beseitigt den Bauernschutz} Bd6 $17 (15... fxg6 $4 16. Qxg6+ Kh8 17. Qg7#)) 15.
Bxg6 $11 {Zerstörung der Bauerndeckung} Bf8 (15... hxg6 16. Qxg6+ {Die
schönsten Kombinationen sind die, welche zum Matt führen}) 16. Bxf8 (16. Bxe8
$5 {muß beachtet werden} Bxh6 17. Bxd7 Qxd7 18. Rad1 $11) 16... Rxf8 17. Bd3
Kh8 18. e4 (18. Rad1 $5 $17) 18... dxe4 (18... c5 $5 19. dxc5 Nxc5 20. exd5
Nxd5 21. Nxd5 Bxd5 22. Qc3+ Qf6 23. Qxf6+ Rxf6 24. Bf1 $19) 19. Nxe4 Nxe4 20.
Bxe4 Nf6 21. Bf3 (21. Rad1 Qd6 22. Bf3 Rce8 $19) 21... Nd5 (21... Qxd4 22. Re7
Ba8 23. Rd1 $19) 22. Re5 Rc7 23. Rh5 $4 {auch bessere Züge hätten die Partie
nicht gerettet.} (23. Rae1 $5 $17) 23... Rg7 (23... Rxf3 $142 {machte sofort
alles klar} 24. gxf3 Nf4 $19) 24. Rh3 (24. Bxd5 cxd5 25. Rf5 Re8 $19) 24... Re8
(24... Nf4 {ginge schneller} 25. Rg3 Qxd4 26. Rxg7 Qxg7 27. Kh1 $19) 25. Rd1 (
25. Qd2 Rge7 $19) 25... Qd6 26. Bxd5 Qxd5 27. Rg3 Rxg3 28. hxg3 c5 29. f3 cxd4
(29... Rd8 {und Schwarz hätte es noch leichter} 30. g4 $19) 30. Qd3 (30. Qa4
Rd8 31. Qxa7 Qc6 $19) 30... Rd8 31. Rc1 Bc6 (31... Qxa2 $6 {ist schnell zu
verwerfen} 32. Rc7 Qg8 33. Qf5 $11) 32. Re1 (32. Qd2 Bb5 $19) 32... Bb5 (32...
Qxa2 {bringt nichts} 33. Qf5 Rg8 34. Qf6+ Rg7 35. Qxc6 $16) 33. Qd2 d3 (33...
Qxa2 {wäre weniger gut} 34. Qf4 Re8 35. Rxe8+ Bxe8 36. Qe5+ Kg8 37. Qxe8+ Kg7
38. Qe5+ Kf7 39. Qf4+ Kg6 40. Qe4+ Kh6 41. Qxd4 $16) 34. Re7 (34. b3 $19) 34...
Qc5+ 35. Qe3 (35. Kh2 {die letzte Gegenchance} Qxe7 36. b4 $19) 35... Qxe3+ 36.
Rxe3 d2 (36... d2 37. Kh2 d1=Q $19) 0-1

[Event "Relegation"]
[Site "Uttendorf"]
[Date "2005.06.18"]
[Round "?"]
[White "Grundner, Alois"]
[Black "Swanidze, Ilija"]
[Result "1-0"]
[ECO "D31"]
[WhiteElo "1884"]
[BlackElo "1804"]
[Annotator "Fritz 8 (20s)"]
[PlyCount "85"]
[TimeControl "240+2"]

{96MB, OEMComputer D31: Damengambit (Halbslawisch)} 1. d4 e6 2. c4 d5 3. Nc3
Nc6 4. Nf3 h6 {Verwehrt dem Gegner g5} 5. e3 Nf6 6. Bd3 Nb4 7. Be2 c5 8. dxc5
Bxc5 9. a3 Nc6 10. cxd5 exd5 11. O-O a6 {Deckt b5} 12. b4 Bd6 13. Bb2 (13. Nxd5
{ist naheliegend und schlecht} Nxd5 14. Qc2 Be6 $19) 13... Be6 14. Rc1 O-O 15.
Na4 Nd7 16. Bd3 (16. Nc5 Bxc5 17. bxc5 Qa5 $16) 16... Nce5 (16... Qe7 17. Bc2
$14) 17. Nxe5 (17. Nc5 Nxf3+ 18. Qxf3 Qg5 $16) 17... Nxe5 18. Bb1 (18. f4 Nxd3
19. Qxd3 f5 $14) 18... Qh4 (18... Nc4 $142 $5 $11 {ist noch spielbar}) 19. Bxe5
$16 Bxe5 20. f4 Bd6 21. Nb6 Rad8 22. Rf3 (22. Qd3 f5 $14) 22... Bg4 (22... g6
23. Rg3 $11) 23. Qc2 g6 24. Rg3 d4 25. Nd5 (25. exd4 $2 {ist falsch} Bxf4 26.
Ba2 Rd6 $19 (26... Bxg3 $6 27. Qxg6+ Kh8 28. hxg3 $19)) 25... dxe3 $4 {vergibt
den Vorteil.} (25... Rc8 26. Qb2 Rxc1+ 27. Qxc1 Be6 28. Bxg6 fxg6 29. Rxg6+ Kf7
30. Rf6+ Qxf6 31. Nxf6 Kxf6 $16) 26. Rxg4 $1 $18 {ist die schöne Entscheidung}
(26. Rxe3 $6 {bringt nichts} Rc8 27. Rc3 Rxc3 28. Qxc3 Rc8 $15) 26... Qf2+ (
26... Qxg4 {Eine Ablenkung} 27. Nf6+ {Kombination mit Doppelangriff}) 27. Qxf2
exf2+ 28. Kxf2 h5 29. Rg5 Kg7 30. Kf3 Bb8 31. Ne3 Kh6 32. Rd5 Rxd5 33. Nxd5 Rd8
34. Ba2 Kg7 35. g4 (35. Bb3 $142 {ginge schneller} Bd6 $18) 35... Ba7 (35...
hxg4+ {ist noch eine dünne Chance} 36. Kxg4 Re8 $18) 36. gxh5 gxh5 37. Rc7 Bg1
38. Kg2 Be3 39. Kf3 (39. Rxb7 {und Weiß hätte es noch leichter} Bxf4 40. Ra7
Bb8 41. Rxa6 Rc8 $18) 39... Bg1 40. h3 b6 41. Ra7 Rc8 42. Rxf7+ (42. Bb3 $142 {
erleichterte Weiß die Gewinnführung} a5 $18) 42... Kh8 (42... Kxf7 {ist ein
letzter Versuch} 43. Nxb6+ Ke7 44. Nxc8+ Kd7 $18) 43. Nf6 (43. Nf6 Rc3+ 44. Ke4
Re3+ 45. Kf5 Re5+ 46. fxe5 Bc5 47. Rh7#) 1-0

[Event "Landesliga B"]
[Site "Uttendorf"]
[Date "2005.10.01"]
[Round "?"]
[White "Grundner, Alois"]
[Black "Berger, Kaspar"]
[Result "0-1"]
[ECO "D52"]
[WhiteElo "1985"]
[BlackElo "1855"]
[Annotator "Fritz 8 (20s)"]
[PlyCount "68"]
[TimeControl "300"]

{96MB, OEMComputer D52: Damengambit (Cambridge-Springs-Variante)} 1. d4 d5 2.
c4 e6 3. Nc3 Nf6 4. Nf3 Nbd7 5. Bg5 c6 {Überdeckt b5} 6. e3 Bb4 7. Qc2 Qa5 8.
Nd2 dxc4 9. Bxf6 Nxf6 10. Bxc4 O-O 11. O-O e5 12. a3 Be7 13. b4 Qc7 14. dxe5
Qxe5 15. Nf3 Qh5 16. Rad1 a5 17. Rd4 Bg4 18. Be2 c5 19. bxc5 Bxc5 20. Ra4 Bd6
21. h3 Bxf3 22. Bxf3 Qe5 23. g3 Rac8 24. Rc1 Rc7 25. Qd2 Rfc8 26. Ne2 (26. Rd1
$5 $11 {ist bedenkenswert}) 26... Rxc1+ $15 27. Nxc1 Qb5 28. Bd1 Qc6 29. Ne2 b5
30. Rd4 Bc7 31. Bb3 Qc5 32. Qc2 (32. a4 Bb6 $11) 32... Qxc2 (32... Qxa3 $5 33.
Qf5 Rb8 34. Bxf7+ Kh8 $15) 33. Bxc2 $11 Bb6 34. Rd3 $4 {gibt den Vorteil aus
der Hand} (34. Rd6 $142 {ist gerade noch spielbar} Bc5 35. Ra6 Bxa3 36. Nd4 $11
) 34... Rxc2 $19 (34... Rxc2 35. Rd6 Bc7 $19 (35... Rxe2 $6 36. Rxb6 h6 37.
Rxb5 $19)) 0-1

[Event "Landesliga A"]
[Site "Uttendorf"]
[Date "2005.10.15"]
[Round "?"]
[White "Grundner, Alois"]
[Black "Hasanovic, Nurija"]
[Result "1/2-1/2"]
[ECO "D21"]
[WhiteElo "1855"]
[BlackElo "1990"]
[Annotator "Fritz 8 (15s)"]
[PlyCount "125"]
[TimeControl "300"]

{96MB, OEMComputer D21: Angenommenes Damengambit} 1. d4 d5 2. Nf3 a6 3. c4 dxc4
4. a4 c5 5. e3 Bg4 6. Bxc4 e6 {Der Gegner darf nicht nach d5} 7. O-O cxd4 8.
Qxd4 Bxf3 9. Qxd8+ Kxd8 10. gxf3 Nc6 11. Nc3 Nf6 12. e4 Bb4 13. Be3 Rc8 14.
Bb6+ Ke7 15. Rac1 Nd7 16. Be3 Nce5 17. Be2 Bxc3 (17... Rhd8 $142 $5 $15 {ist
bedenkenswert}) 18. Rxc3 $14 Rxc3 19. bxc3 Rc8 20. Rb1 Rc7 21. Bd4 f6 22. Kf1
Nf7 23. Ke1 e5 24. Be3 Nd6 25. Rb3 Nc5 26. Ra3 g5 27. Kd2 Ne6 28. Rb3 Nc5 (
28... f5 29. exf5 Nxf5 30. Rb4 $15) 29. Ra3 $17 h6 30. Kc2 Ne6 31. Kd2 (31. Rb3
f5 $15) 31... Kd7 32. Rb3 Nd8 (32... Nc5 $5 33. Rb4 a5 34. Bxc5 Rxc5 $17) 33.
Bb6 Rc6 34. Bf1 Ne6 35. Be3 (35. a5 f5 36. Rb4 Ke7 $15) 35... Kc7 (35... Nc5
36. Ra3 $17) 36. Bd3 Nc5 37. Bxc5 Rxc5 38. Kc2 h5 39. Rb1 h4 40. Kb3 b5 41. Kb4
Kb6 (41... Rc6 42. axb5 Nxb5 43. Rb3 $15) 42. a5+ Kc6 43. Rd1 (43. Ra1 Nb7 $11)
43... Nc4 (43... Nb7 44. Be2 $15) 44. Bf1 $11 Nxa5 $4 {gibt den Vorteil aus
der Hand} (44... Nd6 45. Bd3 $11) 45. Kxa5 (45. Ra1 $142 {und Weiß bekommt die
Oberhand} Kb6 46. Rxa5 $18) 45... Rxc3 $11 46. Bd3 Kc5 47. Kxa6 Ra3+ (47... b4
$142 $5 $11 {damit wäre Schwarz im Spiel geblieben}) 48. Kb7 $16 b4 49. Be2 (
49. Rc1+ $5 Kd6 50. Be2 $16) 49... b3 $11 50. Rc1+ Kd6 (50... Kb4 $142 {sieht
noch spielbar aus} 51. Rc4+ Ka5 $11) 51. Rc6+ Ke7 52. Rb6 Ra2 53. Bc4 Rxf2 54.
Re6+ (54. Bxb3 Rxh2 55. Kc6 h3 56. Rb7+ Kf8 $16) 54... Kd7 (54... Kf8 55. Bxb3
Rxf3 $14) 55. Rxf6 (55. Bxb3 $142 $5 Rxh2 56. Rxf6 $16) 55... b2 $11 56. Rb6
Rxh2 57. Be6+ Ke7 58. Bg4 h3 59. Ka6 (59. Bf5 Kf7 $11) 59... Rh1 (59... Kd8
$142 $5 $15 {ist zu erwägen}) 60. Rxb2 $14 h2 61. Kb6 Kd6 62. Rd2+ (62. Bf5 Ke7
$11) 62... Ke7 $11 63. Rb2 1/2-1/2